 Dungeon Crawl Stone Soup version 0.20-a0-263-g81abdfb (webtiles) character file.

563712 esc the Slayer (level 27, -4/205 HPs)
             Began as a Human Skald on Dec 3, 2016.
             Was the Champion of Hepliaklqana.
             Slain by a purple draconian annihilator
             ... wielding a +0 dagger
              (7 damage)
             ... on level 1 of the Realm of Zot on Dec 4, 2016.
             The game lasted 06:43:54 (71049 turns).

esc the Slayer (Human Skald)                       Turns: 71049, Time: 06:43:54

Health: -4/205     AC: 21    Str: 19    XL:     27
Magic:  9/45       EV: 25    Int: 29    God:    Hepliaklqana [******]
Gold:   2186       SH: 13    Dex: 17    Spells: 3/62 levels left

rFire  + . .     SeeInvis .     L - +10 short sword "Human's Curse" {freeze, *Contam Str+3 Int+4 Dex+4}
rCold  + . .     Gourm    .     H - +3 leather armour {MR+}
rNeg   . . .     Faith    .     o - +3 buckler {rC+ rF+}
rPois  .         Spirit   .     k - +2 helmet {Int+3}
rElec  .         Reflect  +     S - +2 cloak {+Inv}
rCorr  .         Harm     .     x - +2 pair of gloves
MR     ++++.                    u - +2 pair of boots
Stlth  +++.......               b - +5 amulet of reflection
                                A - ring of wizardry {Wiz+, !d}
                                l - ring of protection from magic {MR+, !d}

@: lethally poisoned (-4 -> -16), about to teleport, slowed, very slow
A: reduced essence
}: 3/15 runes: decaying, silver, gossamer
a: Recall Ancestor, Ancestor Identity, Transference, Idealise, Renounce
Religion, Evoke Invisibility


You were on level 1 of the Realm of Zot.
You worshipped Hepliaklqana.
Hepliaklqana was exalted by your worship.
You were hungry.

You visited 9 branches of the dungeon, and saw 45 of its levels.
You visited 1 bazaar.
You also visited: Bailey and Ice Cave.

You collected 7403 gold pieces.
You spent 5217 gold pieces at shops.

Inventory:

Hand Weapons
 L - the +10 short sword "Human's Curse" (weapon) {freeze, *Contam Str+3 Int+4 Dex+4}
   (You found it on level 2 of the Lair of Beasts)

   It has been specially enchanted to freeze those struck by it, causing extra
   injury to most foes and up to half again as much damage against particularly
   susceptible opponents.
   It can also slow down cold-blooded creatures.
   It affects your strength (+3).
   It affects your intelligence (+4).
   It affects your dexterity (+4).
   It causes magical contamination when unequipped.
Missiles
 c - a throwing net {=f, !d}
Armour
 k - a +2 helmet of intelligence (worn)
   (You bought it in a shop on level 2 of the Orcish Mines)
 o - a +3 buckler of resistance (worn)
   (You bought it in a shop on level 2 of the Orcish Mines)
 u - a +2 pair of boots (worn)
   (You found it on level 3 of the Dungeon)
 x - a +2 pair of gloves (worn)
   (You found it on level 3 of the Dungeon)
 H - a +3 leather armour of magic resistance (worn)
   (You took it off an orc priest on level 7 of the Dungeon)
 S - a +2 cloak of invisibility (worn)
   (You found it in a bailey)
Jewellery
 b - a +5 amulet of reflection (around neck)
   (You bought it in a shop in a bazaar)
 f - an uncursed ring of see invisible {sInv, !d}
   (You found it on level 3 of the Lair of Beasts)
 l - a ring of protection from magic (left hand) {MR+, !d}
   (You found it on level 1 of the Vaults)
 A - a ring of wizardry (right hand) {Wiz+, !d}
   (You found it on level 5 of the Dungeon)
 O - the ring of Finality {+Fly rF+ Stlth+}
   (You took it off a deep elf mage on level 5 of the Vaults)

   [ring of flight]

   It protects you from fire.
   It lets you fly.
   It makes you more stealthy.
Wands
 h - a wand of teleportation (4/9)
   (You found it on level 4 of the Vaults)
 C - a wand of acid (7/15)
   (You found it on level 15 of the Dungeon)
 I - a wand of heal wounds (5/9)
   (You found it in an ice cave)
 Q - a wand of teleportation (5/9)
   (You took it off an orc on level 7 of the Dungeon)
 T - a wand of paralysis (7/24)
   (You found it on level 6 of the Lair of Beasts)
 X - a wand of digging (5/24)
   (You found it on level 13 of the Dungeon)
 Y - a wand of iceblast (6/15)
   (You found it on level 3 of the Swamp)
Scrolls
 a - a scroll of enchant armour
 i - 9 scrolls of magic mapping {!r}
 n - 5 scrolls of teleportation
 t - 9 scrolls of fear
 y - 6 scrolls of recharging
 z - 6 scrolls of identify
 B - 18 scrolls of remove curse
 D - 7 scrolls of fog
 J - 4 scrolls of blinking {!r}
 P - a scroll of summoning
Potions
 e - 6 potions of curing
 g - 8 potions of ambrosia
 j - a potion of cancellation
 m - 3 potions of resistance
 q - 3 potions of agility
 r - 2 potions of might
 s - 4 potions of lignification {!q}
 v - 4 potions of haste
 G - 3 potions of heal wounds
 U - 2 potions of cure mutation {!q}
 W - 2 potions of invisibility
Miscellaneous
 d - 3 phantom mirrors
 p - 2 boxes of beasts
 w - a phial of floods
   (You found it in a bailey)
 M - a lamp of fire
   (You found it on level 4 of the Swamp)
 Z - 2 sacks of spiders
Comestibles
 E - 14 meat rations {@e2}
 F - a bread ration {@e1}
 K - 4 fruits
 N - 2 chunks of flesh {@w0}


   Skills:
 + Level 21.2 Fighting
 - Level 12.3 Short Blades
   Level 4.9 Maces & Flails
 - Level 10.1 Armour
 + Level 17.1 Dodging
 - Level 6.1 Stealth
 - Level 4.5 Shields
 + Level 18.1 Spellcasting
 + Level 16.3 Conjurations
 - Level 9.0 Charms
 + Level 15.9 Summonings
 - Level 6.0 Ice Magic
 - Level 6.3 Air Magic
 - Level 9.2 Invocations
 - Level 4.2 Evocations


You had 3 spell levels left.
You knew the following spells:

 Your Spells              Type           Power        Failure   Level  Hunger
a - Infusion              Chrm           ####         1%          1    None
b - Blink                 Tloc           N/A          1%          2    None
c - Tukima's Dance        Hex            ####....     2%          3    None
d - Repel Missiles        Chrm/Air       ######       1%          2    None
e - Spellforged Servitor  Conj/Summ      #######...   1%          7    ####...
f - Orb of Destruction    Conj           #######...   1%          7    ####...
g - Apportation           Tloc           ####......   1%          1    None
h - Sticky Flame          Conj/Fire      ######..     1%          4    None
i - Summon Mana Viper     Hex/Summ       ######..     1%          5    None
j - Freezing Cloud        Conj/Ice/Air   ######....   3%          6    ##.....
k - Bolt of Cold          Conj/Ice       ######....   1%          6    ##.....
l - Swiftness             Chrm/Air       ######..     1%          2    None
r - Regeneration          Chrm/Necr      ######....   1%          3    None
s - Shroud of Golubria    Chrm/Tloc      ######....   1%          2    None
x - Mephitic Cloud        Conj/Pois/Air  ######..     1%          3    None
z - Spectral Weapon       Hex/Chrm       ######..     1%          3    None
S - Song of Slaying       Chrm           ######..     1%          2    None


Dungeon Overview and Level Annotations

Branches:
Dungeon (15/15)            Temple (0/1) D:6            Lair (6/6) D:10
  Swamp (4/4) Lair:2       Spider (4/4) Lair:4        Slime (0/5) Lair:6
    Orc (2/2) D:11            Elf (3/3) Orc:2        Vaults (5/5) D:13
  Crypt (0/3) Vaults:3     Depths (5/5) D:15            Zot (1/5) Depths:5

Altars:
Ashenzari
Cheibriados
Dithmenos
Elyvilon
Fedhas
Hepliaklqana
Kikubaaqudgha
Nemelex Xobeh
Trog
Uskayaw
Vehumet
Zin
The Shining One
Beogh
Jiyva

Shops:
D:14 ??}!:   Orc:2 [([=   Elf:3 [   Vaults:2 *   Vaults:4 ([   Vaults:5 [}
Depths:1 ?*(:   Depths:2 =}}

Portals:
Hell: Depths:1 Depths:2 Depths:3* Depths:4 Depths:5
Abyss: Depths:1 Depths:3 Depths:4 Depths:5
Pandemonium: Depths:3
Ziggurat: Depths:2

Annotations:
Lair:4 exclusion: oklob plant


Message History

You feel sick.
Things that are here:
a halberd; a green draconian skeleton You are feeling hungry.
You feel sick.
You feel sick.
Your skin is crawling a little less now.
You feel sick.
The purple draconian annihilator gestures at you while chanting.
The bolt of lightning hits Æðelind.
The bolt of lightning hits you!
You take 17 damage, and have 91/205 hp. Æðelind points at the purple draconian annihilator and mumbles some strange words.
The bolt of magma hits the purple draconian annihilator.
You feel sick.
The purple draconian annihilator hits Æðelind with a dagger! Æðelind hits the purple draconian annihilator with a lajatang of freezing! Æðelind freezes the purple draconian annihilator!
You feel sick.
The purple draconian annihilator casts a spell at you.
The bolt of lightning hits Æðelind.
The bolt of lightning misses you.
You feel sick.
A moth of wrath comes into view.
Your skin stops crawling. Æðelind has departed this plane of existence.
You feel sick.
You feel sick. The death cob completely misses you.
You block the death cob's attack. x2
You feel sick. You block the death cob's attack.
The death cob closely misses you. The death cob hits you!!
You take 24 damage, and have 71/205 hp.
As you read the scroll of teleportation, it crumbles to dust.
You feel strangely unstable.
You feel the Orb delaying your translocation!
The death cob hits you!
* * * LOW HITPOINT WARNING * * *
The death cob drains your vigour!
You feel yourself slow down. The death cob closely misses you.
The purple draconian annihilator gestures wildly while chanting.
The purple draconian annihilator blinks!
The death cob hits you but does no damage.
You take 10 damage, and have 61/205 hp.
You feel sick. The death cob hits you!
* * * LOW HITPOINT WARNING * * *
The death cob drains your vigour!
You feel as though you will be slow longer.
The death cob hits you!!
* * * LOW HITPOINT WARNING * * *
The death cob drains your vigour!
You feel as though you will be slow longer.
You take 38 damage, and have 23/205 hp.
You feel much better. You block the death cob's attack.
The death cob hits you but does no damage.
The death cob hits you!
* * * LOW HITPOINT WARNING * * *
The death cob drains your vigour!
You feel as though you will be slow longer.
The death cob completely misses you.
You regained 17 hp, and now have 40/205 hp.
You feel much better. The death cob completely misses you.
The death cob hits you!
* * * LOW HITPOINT WARNING * * *
You block the death cob's attack. The death cob completely misses you.
You regained 11 hp, and now have 51/205 hp.
You blink.
You found a Zot trap!
You feel sick. You block the death cob's attack.
You take 1 damage, and have 50/205 hp.
You now have 8/45 mp.
You block the death cob's attack. x2; The death cob barely misses you.
The purple draconian annihilator casts a spell at you.
The poison arrow hits you!
You are more poisoned.
* * * LOW HITPOINT WARNING * * *
The red draconian breathes flames at you.
The searing blast misses you. The death cob closely misses you.
The purple draconian annihilator points at you and mumbles some strange words.
The crystal spear hits you!
* * * LOW HITPOINT WARNING * * *
You take 32 damage, and have 18/205 hp.
You feel much better.
You feel very sick. You block the death cob's attack. The death cob hits you!
* * * LOW HITPOINT WARNING * * *
The death cob hits you!!
* * * LOW HITPOINT WARNING * * *
The death cob drains your vigour!
You feel as though you will be slow longer.
The red draconian breathes flames at you.
The searing blast hits you! The death cob hits you.
* * * LOW HITPOINT WARNING * * *
The purple draconian annihilator closely misses you.
You take 13 damage, and have 5/205 hp.
Unknown command.
Unknown command.
Unknown command.
You feel much better.
You feel sick. You block the death cob's attack. x2
The death cob hits you!!
* * * LOW HITPOINT WARNING * * *
The purple draconian annihilator hits you with a dagger!
You die...

#..#
#..###........###...÷....##
#..# #..#
##...##...#...#####.## #..#
#..# #..####.....## ####
#..# #..# #..# ##...##
#..####..# #..# #...##
###### #........####..#
#..## ##....##
#..............# #..#
##......#
#..####........####..#
#...##... #..#
#..####..q@§§..# #..####..
#..####[.# #..d.z...#
#..####.. #........#
#..##....# #...##...
#........# #..###...#
##......# #..####.R# #..#
#...####......## #..# #.)##
#..# #....##...##### #..#
##q.# #..# ##.......## *,,*
#.## #..## #......## * *⌠,*
#z# #...####.#...######**


You could see a red draconian, a death cob and a purple draconian annihilator.

Vanquished Creatures
  Sojobo (Depths:1)
  Frederick (Depths:4)
  A golden dragon (Vaults:4)
  Jory (Depths:4)
  5 tentacled monstrosities
  An Ice Fiend (IceCv)
  2 titans
  A deep elf master archer (Elf:3)
  Gastronok (Lair:1)
  3 quicksilver dragons (Zot:1)
  A sphinx (Depths:3)
  A death cob (Zot:1)
  4 tengu reavers
  Kirke (D:13)
  3 thorn hunters
  2 shadow dragons (Vaults:5)
  2 storm dragons (Zot:1)
  2 draconian monks (Zot:1)
  4 fire giants
  A ghost moth (Spider:4)
  A draconian scorcher (Zot:1)
  4 frost giants
  8 vault wardens
  An orc warlord (Orc:2)
  5 iron dragons
  7 deep elf sorcerers
  3 emperor scorpions
  Louise (Depths:5)
  A draconian stormcaller (Zot:1)
  8 ironheart preservers
  7 deep elf elementalists
  A war gargoyle (Vaults:5)
  2 entropy weavers (Spider:1)
  14 stone giants
  6 very ugly things
  9 deep elf demonologists (Elf:3)
  2 vampire knights
  A purple draconian (Zot:1)
  2 green draconians
  6 spark wasps
  A black draconian (Zot:1)
  2 yellow draconians
  4 deep elf annihilators
  Snorg (D:11)
  Josephine (D:10)
  15 ettins
  5 deep elf death magi
  A jiangshi (Depths:4)
  7 fire dragons
  2 deep elf high priests
  7 great orbs of eyes
  3 rakshasas
  9 yaktaur captains
  11 ogre magi
  Erolcha (D:10)
  4 ice dragons
  15 hydras
  A ghost crab (Swamp:1)
  Erica (D:8)
  18 vault guards
  A catoblepas (Lair:6)
  5 centaur warriors
  A merfolk avatar (Lair:6)
  6 deep troll shamans
  13 dancing weapons
  A queen ant (Spider:1)
  3 tengu warriors
  3 death yaks
  An orc high priest (Orc:2)
  9 alligators
  5 deep troll earth magi
  A vampire mage (Depths:4)
  6 spriggan berserkers (Depths:5)
  A fire crab (shapeshifter) (Vaults:5)
  Sonja (D:11)
  9 deep elf knights
  A hell knight (Depths:1)
  4 skeletal warriors
  An iron troll (Depths:1)
  An unseen horror (D:15)
  2 spriggan druids
  18 deep trolls
  3 glowing orange brains
  11 ironbrand convokers
  3 wizards
  7 swamp dragons (Swamp:4)
  7 deep elf archers
  10 orc knights
  A phantasmal warrior (Depths:4)
  4 lindwurms (D:12)
  2 flayed ghosts
  5 harpies
  10 orb spiders
  2 necromancers (Depths:1)
  26 wolf spiders
  3 hill giants
  3 orc sorcerers
  2 frost giant zombies (Depths:4)
  An orb spider (shapeshifter) (Depths:3)
  43 deep elf magi
  2 manticores
  33 ugly things
  2 moths of wrath
  8 cyclopes
  A manticore (shapeshifter) (Vaults:3)
  10 elephants
  14 vault sentinels
  3 black mambas
  11 spiny frogs
  2 rime drakes
  4 freezing wraiths
  A kobold demonologist (D:13)
  9 demonic crawlers
  3 anaconda simulacra (IceCv)
  3 ice devils (IceCv)
  2 komodo dragons
  3 tengu conjurers
  A yaktaur skeleton (Vaults:3)
  18 jumping spiders
  30 yaktaurs
  5 trolls
  A hornet (shapeshifter) (Depths:1)
  A troll (shapeshifter) (Vaults:3)
  2 wind drakes (Lair:6)
  6 tyrant leeches
  4 polar bears (Lair:6)
  5 bog bodies
  9 two-headed ogres
  33 slime creatures
  11 hornets
  A raiju (shapeshifter) (Vaults:3)
  26 blink frogs
  4 dream sheep (Lair:5)
  8 hippogriffs
  A blink frog (shapeshifter) (Vaults:1)
  3 flying skulls (Depths:4)
  6 spriggans
  3 water elementals
  2 air elementals
  An ettin skeleton (Vaults:3)
  24 redbacks
  16 tarantellas
  5 wraiths
  A shadow (D:12)
  4 dire elephant simulacra (IceCv)
  5 wyverns
  30 yaks
  4 basilisks
  2 fire elementals
  2 hogs (D:13)
  A steam dragon (D:11)
  2 hungry ghosts
  15 insubstantial wisps
  21 vampire mosquitoes
  A harpy simulacrum (IceCv)
  4 wargs
  14 swamp worms
  3 iron troll simulacra (IceCv)
  Menkaure (D:7)
  An acid dragon (Vaults:2)
  4 hydra simulacra (IceCv)
  16 soldier ants (Spider:1)
  9 hell hounds (Depths:4)
  10 water moccasins
  5 porcupines
  35 orc warriors
  10 swamp drakes
  5 black bears
  3 ice beasts
  2 phantoms
  2 sky beasts
  A boggart (shapeshifter) (Vaults:3)
  4 boggarts
  A wolf (shapeshifter) (Vaults:4)
  2 battlemagi
  34 ogres
  An elf skeleton (Vaults:3)
  2 necrophages
  2 wolves (Depths:4)
  5 centaurs
  5 crocodiles
  An elf zombie (D:9)
  A big kobold (D:8)
  19 bullfrogs
  5 human skeletons (Vaults:3)
  4 gnoll sergeants
  2 scorpions
  A scorpion (shapeshifter) (Vaults:5)
  8 killer bees
  A swamp dragon simulacrum (IceCv)
  5 wights
  An elephant simulacrum (IceCv)
  A howler monkey (D:7)
  2 electric eels (Lair:4)
  A bullfrog zombie (D:12)
  8 crimson imps
  4 human zombies (D:9)
  4 draconian simulacra (IceCv)
  20 orc priests
  A jelly (D:14)
  2 centaur skeletons
  2 hounds
  An iguana (D:6)
  Natasha (D:1)
  17 orc wizards
  14 worker ants
  3 spriggan simulacra (IceCv)
  A polar bear simulacrum (IceCv)
  A wolf simulacrum (IceCv)
  A centaur simulacrum (IceCv)
  A mummy (D:7)
  10 gnolls
  3 naga simulacra (IceCv)
  10 adders
  An ogre simulacrum (IceCv)
  A shadow imp (D:8)
  4 white imps (IceCv)
  5 ufetubi (IceCv)
  An ooze (D:1)
  2 adder skeletons
  An adder zombie (D:8)
  4 worms
  2 dart slugs
  9 leopard geckos
  104 orcs
  2 ball pythons
  9 bats
  4 giant cockroaches
  10 goblins
  11 hobgoblins
  20 jackals
  4 quokkas
  6 frilled lizards
  A giant cockroach zombie (D:5)
  A hobgoblin zombie (D:7)
  11 kobolds
  2 kobold zombies (D:7)
  A quokka skeleton (D:4)
  7 rats
  3 crawling corpses
  A spectral weapon (Vaults:2)
1461 creatures vanquished.

Vanquished Creatures (collateral kills)
  the Lernaean hydra (Swamp:4)
  2 golden dragons (Zot:1)
  Saint Roka (Depths:2)
  10 tentacled monstrosities
  A deep elf blademaster (Elf:3)
  3 titans
  A quicksilver dragon (Zot:1)
  A deep elf master archer (Elf:3)
  2 death cobs (Zot:1)
  5 sphinxes
  5 tengu reavers
  5 storm dragons
  A thorn hunter (Swamp:4)
  10 shadow dragons
  2 draconian monks
  Roxanne (Swamp:2)
  4 fire giants
  4 frost giants
  A fire giant (shapeshifter) (Vaults:5)
  3 deep elf sorcerers
  3 ghost moths
  An iron dragon (Depths:3)
  Aizul (Vaults:1)
  7 vault wardens
  A draconian stormcaller (Depths:5)
  6 deep elf elementalists
  3 draconian annihilators
  3 war gargoyles
  9 ironheart preservers
  2 entropy weavers
  5 very ugly things
  4 vampire knights (Depths:4)
  2 green draconians (Zot:1)
  8 stone giants
  A black draconian (Depths:5)
  2 deep elf demonologists (Elf:3)
  A yellow draconian (Zot:1)
  2 red draconians
  2 spark wasps
  2 white draconians (Zot:1)
  7 deep elf annihilators (Elf:3)
  Nessos (Lair:6)
  4 purple draconians
  4 deep elf death magi
  13 ettins
  5 jiangshi
  3 great orbs of eyes
  8 fire dragons
  21 vault guards
  13 yaktaur captains
  5 deep elf high priests
  4 rakshasas
  6 hydras
  2 ice dragons
  3 catoblepae
  2 spriggan air magi
  4 death knights
  8 alligators
  7 centaur warriors
  5 deep troll shamans
  13 dancing weapons
  5 deep troll earth magi
  6 ogre magi
  A hell hog (Depths:4)
  4 vampire magi
  6 death yaks
  A spriggan berserker (Depths:5)
  7 tengu warriors
  An orc high priest (Elf:2)
  12 deep elf knights
  A soul eater (Depths:2)
  A shadow wraith (Vaults:2)
  2 iron trolls
  8 skeletal warriors
  A sea snake (shapeshifter) (Depths:2)
  A death drake (shapeshifter) (Vaults:4)
  2 glowing orange brains
  4 hill giants (Depths:2)
  28 deep trolls
  4 unseen horrors
  2 flayed ghosts
  3 swamp dragons (Swamp:4)
  8 ironbrand convokers
  2 shambling mangroves (Swamp:3)
  6 phantasmal warriors
  3 deep elf archers
  3 wizards
  3 necromancers
  5 orb spiders
  An orc knight (Vaults:3)
  5 harpies
  2 frost giant zombies (Depths:4)
  3 orc sorcerers
  34 ugly things
  29 deep elf magi
  2 fire giant zombies (Depths:4)
  2 tengu skeletons (Vaults:3)
  8 wolf spiders
  4 cyclopes
  9 slime creatures
  3 elephants
  2 black mambas (shapeshifter) (Elf:3)
  A stone giant skeleton (Vaults:3)
  4 moths of wrath
  2 centaur skeletons
  An ice statue (IceCv)
  A water nymph (shapeshifter) (Vaults:5)
  9 vault sentinels
  27 yaktaurs
  A torpor snail (shapeshifter) (Depths:4)
  4 spiny frogs
  A small abomination (Elf:1)
  A rime drake (shapeshifter) (Depths:2)
  11 freezing wraiths
  3 demonic crawlers
  An ice devil (IceCv)
  A komodo dragon (Lair:3)
  A yaktaur skeleton (Vaults:3)
  A battlemage (Depths:2)
  2 tengu conjurers
  3 tyrant leeches
  5 trolls
  A merfolk (D:12)
  15 hornets
  A polar bear (Lair:6)
  Prince Ribbit (Lair:3)
  10 jumping spiders
  2 polar bears (shapeshifter)
  9 two-headed ogres
  A bog body (Swamp:4)
  A hornet (shapeshifter) (Vaults:4)
  2 raiju (Depths:4)
  7 blink frogs
  A frost giant simulacrum (Vaults:2)
  3 hippogriffs
  A dream sheep (Lair:5)
  A raiju (shapeshifter) (Depths:3)
  3 flying skulls (Depths:4)
  2 tarantellas
  Sigmund (D:4)
  12 redbacks
  10 spriggans
  A vampire (D:9)
  6 wraiths
  A water elemental (Elf:3)
  2 wyverns
  17 yaks
  5 vampire mosquitoes
  2 wargs
  11 soldier ants
  9 insubstantial wisps
  3 swamp worms (Swamp:1)
  6 hell hounds (Depths:4)
  4 water moccasins
  A floating eye (shapeshifter) (Vaults:5)
  A porcupine (Lair:3)
  A black bear (D:11)
  20 orc warriors
  9 swamp drakes
  A sky beast (D:9)
  17 ogres
  3 ice beasts
  A phantom (D:9)
  An alligator simulacrum (IceCv)
  A boggart (Depths:3)
  7 centaurs
  2 wolves (Depths:4)
  8 crocodiles
  A big kobold (D:11)
  2 gnoll sergeants (D:11)
  8 bullfrogs
  2 earth elementals
  A human skeleton (Vaults:3)
  2 scorpions
  8 killer bees
  A spectral wolf (Depths:4)
  6 wights
  3 electric eels
  A crimson imp (D:5)
  A human zombie (D:9)
  A quasit (D:10)
  A bullfrog zombie (D:13)
  3 hounds
  A jelly (D:5)
  2 orc priests (Orc:2)
  12 orc wizards
  A bullfrog skeleton (D:6)
  4 iguanas
  2 troll simulacra (IceCv)
  7 worker ants
  A killer bee zombie (D:9)
  2 mummies (D:9)
  A worker ant zombie (D:7)
  A howler monkey zombie (D:8)
  4 adders
  7 gnolls
  3 naga simulacra (IceCv)
  A shadow imp (D:13)
  2 white imps (IceCv)
  An ufetubus (IceCv)
  An adder skeleton (D:4)
  A worm (D:4)
  A dart slug (D:3)
  A leopard gecko (D:2)
  48 orcs
  A giant cockroach (D:4)
  2 goblins (D:3)
  A hobgoblin (D:3)
  A jackal (D:11)
  2 kobolds
  A quokka (D:2)
  A kobold zombie (D:7)
  A rat (D:3)
  A crawling corpse (Elf:1)
  3 plants
963 creatures vanquished.

Vanquished Creatures (others)
  A stone giant (Depths:2)
  2 yaktaur captains
  A deep troll earth mage (Depths:4)
  A deep troll (Depths:2)
  3 deep elf magi (Elf:1)
  A cyclops (Depths:2)
  5 yaktaurs
  A rime drake (shapeshifter) (Depths:3)
  5 humans (D:13)
  A swamp worm (Swamp:4)
  A boggart (Vaults:2)
  60 battlemagi
  A worker ant (D:13)
  A white imp (IceCv)
  An orc (Vaults:4)
  2 briar patches (Swamp:3)
  2 bushes
  4 fungi
  9 plants
  70 spectral weapons
172 creatures vanquished.

Grand Total: 2596 creatures vanquished

Notes
Turn   | Place    | Note
-------+----------+-------------------------------------------
     0 | D:1      | esc the Human Skald began the quest for the Orb.
     0 | D:1      | Reached XP level 1. HP: 16/16 MP: 3/3
   410 | D:1      | Reached XP level 2. HP: 14/22 MP: 1/5
   426 | D:1      | HP: 5/22 [hobgoblin/club (1)]
   431 | D:1      | HP: 3/22 [rat (2)]
   871 | D:1      | Learned a level 2 spell: Song of Slaying
   874 | D:1      | Learned a level 2 spell: Shroud of Golubria
   963 | D:1      | Reached XP level 3. HP: 27/28 MP: 2/6
  1681 | D:2      | Noticed Natasha
  1790 | D:1      | Killed Natasha
  1790 | D:1      | Reached XP level 4. HP: 10/34 MP: 3/7
  2125 | D:2      | Reached skill level 2 in Dodging
  2219 | D:2      | Found a faded altar of an unknown god.
  2556 | D:2      | Became a worshipper of Hepliaklqana the Forgotten
  2556 | D:2      | Reached * piety under Hepliaklqana
  2585 | D:2      | Reached XP level 5. HP: 35/35 MP: 8/8
  2807 | D:2      | Found a hide-covered altar of Uskayaw.
  2807 | D:2      | Found a glowing silver altar of Zin.
  3105 | D:3      | Learned a level 2 spell: Repel Missiles
  3125 | D:3      | Found a snail-covered altar of Cheibriados.
  3437 | D:3      | Reached skill level 3 in Fighting
  3494 | D:3      | Reached ** piety under Hepliaklqana
  3495 | D:3      | Remembered your ancestor Æðelind as a battlemage
  3653 | D:3      | Reached XP level 6. HP: 42/42 MP: 7/9
  3737 | D:3      | Found a white marble altar of Elyvilon.
  3861 | D:3      | Reached skill level 3 in Maces & Flails
  3931 | D:4      | Noticed an ogre
  3939 | D:4      | Killed an ogre
  3939 | D:4      | Reached skill level 3 in Dodging
  3939 | D:4      | Reached skill level 4 in Charms
  4008 | D:4      | Reached skill level 3 in Spellcasting
  4099 | D:4      | Reached XP level 7. HP: 33/46 MP: 9/11
  4274 | D:4      | Noticed Sigmund
  4285 | D:4      | Killed Sigmund
  4396 | D:4      | Reached skill level 4 in Fighting
  4396 | D:4      | Reached skill level 1 in Invocations
  4434 | D:4      | Learned a level 3 spell: Regeneration
  4590 | D:4      | You fall through a shaft for 2 floors!
  4597 | D:6      | Reached skill level 4 in Maces & Flails
  4597 | D:6      | Reached XP level 8. HP: 38/54 MP: 8/13
  4624 | D:5      | Entered Level 5 of the Dungeon
  4833 | D:5      | Learned a level 2 spell: Blink
  5074 | D:5      | Found a shadowy altar of Dithmenos.
  5140 | D:5      | Reached skill level 4 in Dodging
  5140 | D:5      | Reached skill level 2 in Invocations
  5177 | D:5      | Found a blossoming altar of Fedhas.
  5512 | D:6      | Found a sparkling altar of Nemelex Xobeh.
  5580 | D:4      | Reached *** piety under Hepliaklqana
  6054 | D:6      | Reached skill level 4 in Spellcasting
  6054 | D:6      | Reached skill level 5 in Charms
  6076 | D:6      | Reached skill level 2 in Armour
  6147 | D:6      | Found a staircase to the Ecumenical Temple.
  6168 | D:6      | Found a bloodstained altar of Trog.
  6175 | D:6      | Reached XP level 9. HP: 48/60 MP: 8/15
  6180 | D:6      | Reached skill level 5 in Fighting
  6332 | D:6      | Got a twisted dagger
  6349 | D:6      | Identified the +10 dagger of the Yoke {speed, +Inv Dex+2} (You found it on level 6 of the Dungeon)
  6590 | D:6      | Reached skill level 3 in Armour
  6978 | D:7      | Reached skill level 1 in Short Blades
  7017 | D:7      | Reached skill level 5 in Dodging
  7102 | D:7      | Noticed Menkaure
  7110 | D:7      | Killed Menkaure
  7110 | D:7      | Reached skill level 6 in Charms
  7110 | D:7      | Reached skill level 1 in Evocations
  7200 | D:7      | Reached skill level 2 in Short Blades
  7360 | D:7      | Reached XP level 10. HP: 68/68 MP: 14/17
  7502 | D:7      | Reached skill level 5 in Spellcasting
  7565 | D:7      | Reached skill level 2 in Evocations
  7621 | D:8      | Reached skill level 6 in Fighting
  7652 | D:8      | Learned a level 3 spell: Spectral Weapon
  7667 | D:8      | Reached **** piety under Hepliaklqana
  7801 | D:8      | Reached skill level 3 in Short Blades
  8054 | D:8      | Reached skill level 6 in Dodging
  8382 | D:8      | Noticed Erica
  8394 | D:8      | Killed Erica
  8394 | D:8      | Reached skill level 3 in Evocations
  8423 | D:8      | Found a shadowy altar of Dithmenos.
  8427 | D:8      | Reached skill level 4 in Short Blades
  8705 | D:9      | Found a shattered altar of Ashenzari.
  8945 | D:9      | Reached skill level 7 in Charms
  9003 | D:9      | Found an ancient bone altar of Kikubaaqudgha.
  9028 | D:9      | Reached skill level 6 in Spellcasting
  9029 | D:9      | Reached ***** piety under Hepliaklqana
  9045 | D:9      | Reached XP level 11. HP: 74/74 MP: 0/20
  9064 | D:9      | Reached skill level 7 in Fighting
  9458 | D:9      | HP: 10/75 [vampire/vampiric draining (17)]
  9462 | D:9      | Reached skill level 4 in Evocations
  9984 | D:10     | Entered Level 10 of the Dungeon
 10029 | D:10     | Noticed Josephine
 10042 | D:10     | Reached skill level 3 in Invocations
 10045 | D:10     | Killed Josephine
 10048 | D:10     | Reached skill level 5 in Short Blades
 10081 | D:9      | Reached skill level 7 in Dodging
 10474 | D:10     | Reached skill level 7 in Spellcasting
 10495 | D:10     | Found a staircase to the Lair.
 10510 | D:10     | Reached skill level 4 in Invocations
 10525 | D:10     | Noticed a hill giant
 10536 | D:10     | Killed a hill giant
 10536 | D:10     | Reached skill level 8 in Charms
 11141 | D:10     | Noticed Erolcha
 11152 | D:10     | Killed Erolcha
 11152 | D:10     | Reached skill level 8 in Fighting
 11152 | D:10     | Reached XP level 12. HP: 82/82 MP: 12/22
 11397 | D:10     | Found a glowing golden altar of the Shining One.
 11519 | Lair:1   | Entered Level 1 of the Lair of Beasts
 11731 | Lair:1   | Noticed Gastronok
 11749 | Lair:1   | Killed Gastronok
 11749 | Lair:1   | Reached skill level 6 in Short Blades
 11749 | Lair:1   | Reached skill level 5 in Invocations
 12476 | Lair:2   | Noticed a catoblepas
 12491 | Lair:2   | HP: 14/84 [catoblepas (17)]
 12497 | Lair:2   | Killed a catoblepas
 12497 | Lair:2   | Reached skill level 8 in Dodging
 12836 | Lair:2   | Reached ****** piety under Hepliaklqana
 12945 | Lair:2   | Noticed a catoblepas
 12993 | Lair:2   | Killed a catoblepas
 12993 | Lair:2   | Reached skill level 6 in Invocations
 13356 | Lair:2   | Reached skill level 9 in Charms
 13506 | Lair:2   | Found a staircase to the Swamp.
 13537 | Lair:2   | Got a polished short sword
 13538 | Lair:2   | Identified the +10 short sword "Human's Curse" {freeze, *Contam Str+3 Int+4 Dex+4} (You found it on level 2 of the Lair of Beasts)
 13801 | Lair:3   | Reached skill level 8 in Spellcasting
 13890 | Lair:3   | Noticed Prince Ribbit
 13894 | Lair:3   | Noticed an eight-headed hydra
 13900 | Lair:3   | Killed Prince Ribbit
 13967 | Lair:3   | Reached skill level 9 in Fighting
 14115 | Lair:3   | Reached XP level 13. HP: 81/90 MP: 20/25
 14128 | Lair:3   | Reached skill level 7 in Short Blades
 14173 | Lair:3   | Killed an eight-headed hydra
 14829 | Lair:3   | Reached skill level 9 in Dodging
 14969 | Lair:4   | Noticed a seven-headed hydra
 14981 | Lair:4   | Killed a seven-headed hydra
 15268 | Lair:4   | Learned a level 3 spell: Mephitic Cloud
 15518 | Lair:4   | Found a hole to the Spider Nest.
 15722 | Lair:4   | Got a polished shortbow
 15924 | Lair:4   | Noticed a catoblepas
 15936 | Lair:4   | Killed a catoblepas
 15936 | Lair:4   | Reached skill level 8 in Short Blades
 15936 | Lair:4   | Reached skill level 9 in Spellcasting
 16014 | Lair:4   | Upgraded the game from 0.20-a0-261-gcb1eca7 to 0.20-a0-263-g81abdfb
 16069 | Lair:5   | Noticed a five-headed hydra
 16076 | Lair:5   | Killed a five-headed hydra
 16140 | Lair:5   | Noticed a six-headed hydra
 16148 | Lair:5   | Killed a six-headed hydra
 16209 | Lair:5   | Reached skill level 10 in Fighting
 16517 | Lair:5   | HP: 22/92 [death yak (11)]
 16520 | Lair:4   | HP: 5/92 [death yak (18)]
 16928 | Lair:5   | Reached XP level 14. HP: 86/99 MP: 19/27
 16932 | Lair:5   | Reached skill level 10 in Dodging
 16978 | Lair:5   | Reached skill level 9 in Short Blades
 17557 | Lair:6   | Entered Level 6 of the Lair of Beasts
 17789 | Lair:5   | Reached skill level 10 in Spellcasting
 18251 | Lair:6   | Noticed Nessos
 18276 | Lair:6   | Killed Nessos
 18283 | Lair:6   | Reached skill level 11 in Fighting
 18393 | Lair:6   | Found a viscous altar of Jiyva.
 18394 | Lair:6   | Found a staircase to the Slime Pits.
 18747 | Lair:6   | Reached skill level 10 in Short Blades
 18880 | Lair:6   | Paralysed by a hornet for 2 turns
 18993 | Lair:6   | Found a sparkling altar of Nemelex Xobeh.
 19355 | Lair:6   | Reached skill level 11 in Dodging
 20053 | D:11     | Reached XP level 15. HP: 89/107 MP: 29/29
 20085 | D:11     | Noticed Sonja
 20095 | D:11     | Killed Sonja
 20317 | D:11     | Found a staircase to the Orcish Mines.
 20536 | D:11     | Noticed Snorg
 20548 | D:11     | Killed Snorg
 21129 | D:12     | Found a flagged portal.
 21145 | Bailey   | Entered a bailey
 21338 | Bailey   | Reached skill level 11 in Spellcasting
 21917 | D:12     | Identified the Compendium of Poisonous Displacement
 21955 | D:12     | Got a warped chain mail
 21979 | D:12     | Identified the +2 chain mail of Remomi {rElec Str+2 SInv} (You found it on level 12 of the Dungeon)
 22077 | D:13     | Found a flickering gateway to a bazaar.
 22117 | Bazaar   | Entered a bazaar
 22143 | Bazaar   | Found Xajygg's Book Boutique.
 22198 | Bazaar   | Found Gaynerph's Jewellery Emporium.
 22249 | Bazaar   | Found Daidghips's Magic Scroll Emporium.
 22299 | Bazaar   | Found Enkil's Gadget Emporium.
 22491 | Bazaar   | Bought a +5 amulet of reflection for 350 gold pieces
 22523 | Bazaar   | Bought a scroll of teleportation for 30 gold pieces
 22523 | Bazaar   | Bought a scroll of identify for 20 gold pieces
 22523 | Bazaar   | Bought a scroll of teleportation for 30 gold pieces
 22523 | Bazaar   | Bought a scroll of teleportation for 30 gold pieces
 22619 | D:13     | Reached skill level 12 in Fighting
 22772 | D:13     | Noticed Kirke
 22784 | D:13     | Killed Kirke
 22801 | D:13     | Found a gate to the Vaults.
 22820 | D:13     | Reached skill level 11 in Short Blades
 23163 | D:13     | Reached skill level 12 in Dodging
 23617 | Orc:1    | Entered Level 1 of the Orcish Mines
 23617 | Orc:1    | Found a roughly hewn altar of Beogh.
 23819 | Orc:2    | Entered Level 2 of the Orcish Mines
 23826 | Orc:2    | Reached skill level 1 in Shields
 23919 | Orc:2    | Found a staircase to the Elven Halls.
 23941 | Orc:2    | Reached skill level 2 in Shields
 23966 | Orc:2    | Reached skill level 3 in Shields
 24163 | Orc:2    | Noticed an orc warlord
 24182 | Orc:2    | Killed an orc warlord
 24182 | Orc:2    | Reached skill level 4 in Shields
 24359 | Orc:2    | Found Bomiatroori's Antique Weapon Shop.
 24394 | Orc:2    | Found Pyruh Xasov's Antique Armour Boutique.
 24395 | Orc:2    | Found a roughly hewn altar of Beogh.
 24524 | Orc:2    | Found a roughly hewn altar of Beogh.
 24614 | Orc:2    | Found a roughly hewn altar of Beogh.
 24622 | Orc:2    | Found Rauxif's Jewellery Boutique.
 24635 | Orc:2    | Reached skill level 1 in Stealth
 24755 | Orc:2    | Found a roughly hewn altar of Beogh.
 24771 | Orc:2    | Reached XP level 16. HP: 100/115 MP: 31/31
 24778 | Orc:2    | Found Viugi's Armour Boutique.
 24790 | Orc:2    | Bought a +1 buckler of resistance for 474 gold pieces
 24801 | Orc:2    | Bought a +1 helmet of intelligence for 214 gold pieces
 25372 | D:13     | Reached skill level 2 in Stealth
 25756 | D:14     | Found Hicyrph's Distillery.
 25770 | D:14     | Found Jovvots's Book Shop.
 25804 | D:14     | Bought a potion of heal wounds for 85 gold pieces
 25804 | D:14     | Bought 2 potions of haste for 340 gold pieces
 25804 | D:14     | Bought 2 potions of heal wounds for 170 gold pieces
 25913 | D:14     | Reached skill level 7 in Invocations
 25923 | D:14     | Found a white marble altar of Elyvilon.
 26049 | D:14     | Found Wejianga's Magic Scroll Emporium.
 26057 | D:14     | Bought a scroll of identify for 28 gold pieces
 26082 | D:14     | Reached skill level 3 in Stealth
 26086 | D:14     | Found Sifuak's Gadget Shoppe.
 26261 | D:14     | Found Operu's Magic Scroll Shop.
 26296 | D:14     | Bought a scroll of identify for 32 gold pieces
 26486 | D:15     | Entered Level 15 of the Dungeon
 26598 | D:15     | Reached skill level 4 in Stealth
 26865 | D:15     | Found a staircase to the Depths.
 26936 | D:15     | Reached skill level 8 in Invocations
 26938 | D:15     | Reached skill level 13 in Fighting
 27094 | D:15     | Reached skill level 12 in Short Blades
 27102 | D:15     | Reached skill level 5 in Stealth
 27492 | Spider:1 | Entered Level 1 of the Spider Nest
 28073 | Spider:1 | Reached skill level 6 in Stealth
 28141 | Spider:1 | Reached XP level 17. HP: 115/123 MP: 32/32
 28168 | Spider:1 | Learned a level 1 spell: Apportation
 28172 | Spider:1 | Learned a level 3 spell: Tukima's Dance
 28179 | Spider:1 | Reached skill level 9 in Invocations
 28518 | Spider:1 | Reached skill level 4 in Armour
 29079 | Lair:4   | Learned a level 7 spell: Spellforged Servitor
 29087 | Lair:4   | Learned a level 7 spell: Orb of Destruction
 29411 | Spider:2 | Reached skill level 1 in Conjurations
 29479 | Spider:2 | Reached skill level 1 in Summonings
 29754 | Spider:2 | Reached skill level 2 in Conjurations
 29974 | Spider:3 | Reached skill level 2 in Summonings
 30093 | Spider:3 | Reached skill level 3 in Conjurations
 30346 | Spider:4 | Entered Level 4 of the Spider Nest
 30385 | Spider:3 | Reached skill level 3 in Summonings
 30827 | Spider:3 | Reached skill level 4 in Conjurations
 30833 | Spider:3 | Reached skill level 12 in Spellcasting
 31105 | Spider:4 | Reached skill level 4 in Summonings
 31157 | Spider:4 | Reached skill level 14 in Fighting
 31514 | Spider:4 | Reached skill level 5 in Conjurations
 31573 | Spider:4 | Reached XP level 18. HP: 111/131 MP: 29/34
 31721 | Spider:4 | Reached skill level 5 in Summonings
 31830 | Spider:4 | Got a gossamer rune of Zot
 32121 | Swamp:1  | Entered Level 1 of the Swamp
 32948 | Swamp:2  | Reached skill level 6 in Conjurations
 32953 | Swamp:2  | Noticed Roxanne
 33055 | Swamp:2  | Killed Roxanne
 33221 | Swamp:2  | Found a frozen archway.
 33243 | Swamp:2  | Reached skill level 6 in Summonings
 33287 | IceCv    | Entered an ice cave
 34183 | IceCv    | Noticed an Ice Fiend
 34302 | IceCv    | Killed an Ice Fiend
 35030 | Swamp:3  | Reached skill level 7 in Conjurations
 35046 | Swamp:3  | Reached skill level 7 in Summonings
 35215 | Swamp:3  | Reached skill level 13 in Spellcasting
 35579 | Swamp:3  | Reached XP level 19. HP: 76/138 MP: 30/36
 35581 | Swamp:3  | HP: 26/138 [alligator[a spriggan druid] (32)]
 35605 | Swamp:3  | Reached skill level 15 in Fighting
 35727 | Swamp:3  | Learned a level 4 spell: Sticky Flame
 36015 | Swamp:4  | Entered Level 4 of the Swamp
 36119 | Swamp:4  | Reached skill level 8 in Summonings
 36201 | Swamp:4  | Reached skill level 8 in Conjurations
 36497 | Swamp:4  | Noticed the 27-headed Lernaean hydra
 36506 | Swamp:4  | Killed the 27-headed Lernaean hydra
 36810 | Swamp:4  | Got a decaying rune of Zot
 37521 | Vaults:1 | Entered Level 1 of the Vaults
 37525 | Vaults:1 | Reached skill level 9 in Conjurations
 37720 | Vaults:1 | Reached skill level 9 in Summonings
 38231 | Vaults:1 | Noticed Aizul
 38242 | Vaults:1 | Killed Aizul
 38390 | Vaults:1 | Reached XP level 20. HP: 80/147 MP: 0/37
 38657 | Vaults:1 | Got a creamy pearl robe
 38674 | Vaults:1 | Identified the cursed +0 robe of the Monkey {+Fly rPois Str+3} (You took it off a centaur warrior on level 1 of the Vaults)
 38790 | Vaults:1 | Reached skill level 14 in Spellcasting
 38945 | Vaults:1 | Reached skill level 10 in Conjurations
 38962 | Vaults:1 | Reached skill level 16 in Fighting
 38966 | Vaults:1 | Reached skill level 10 in Summonings
 40107 | Vaults:2 | Found Untyfoj's Assorted Antiques.
 40115 | Vaults:2 | Bought a warped leather armour for 238 gold pieces
 40115 | Vaults:2 | Identified the +0 leather armour of Xosuch {Int+4 Dex+2} (You bought it in a shop on level 2 of the Vaults)
 40117 | Vaults:2 | Bought a wooden ring for 170 gold pieces
 40989 | Vaults:2 | Reached skill level 11 in Conjurations
 41568 | Vaults:3 | Reached XP level 21. HP: 140/154 MP: 34/39
 41573 | Vaults:3 | Reached skill level 11 in Summonings
 42499 | Vaults:3 | Reached skill level 15 in Spellcasting
 43064 | Vaults:3 | Reached skill level 12 in Conjurations
 43215 | Vaults:3 | Found a staircase to the Crypt.
 43373 | Vaults:4 | Reached skill level 17 in Fighting
 43660 | Vaults:4 | Reached skill level 12 in Summonings
 43682 | Vaults:4 | Found Upluh's Antique Armour Emporium.
 43694 | Vaults:4 | Bought a twisted robe for 148 gold pieces
 43705 | Vaults:4 | Identified the cursed +1 robe of an ossuary {+Inv Dex-2 Stlth+} (You bought it in a shop on level 4 of the Vaults)
 43784 | Vaults:4 | Found Xem Coic's Weapon Shop.
 44021 | Vaults:4 | Reached XP level 22. HP: 156/162 MP: 41/41
 45279 | D:14     | Bought a scroll of blinking for 105 gold pieces
 45279 | D:14     | Bought a scroll of identify for 28 gold pieces
 45292 | D:14     | Bought a potion of resistance for 170 gold pieces
 45292 | D:14     | Bought a potion of haste for 170 gold pieces
 45292 | D:14     | Bought a potion of agility for 68 gold pieces
 45292 | D:14     | Bought a potion of agility for 68 gold pieces
 45365 | Depths:1 | Entered Level 1 of the Depths
 45513 | Depths:1 | Found a gateway to Hell.
 45546 | Depths:1 | Identified a scroll of acquirement
 46180 | Depths:1 | Found Moaty's Weapon Boutique.
 46180 | Depths:1 | Found Ejues's General Store.
 46181 | Depths:1 | Found Tuze's Book Boutique.
 46184 | Depths:1 | Found Guuk's Magic Scroll Shop.
 46212 | Depths:1 | Reached skill level 13 in Conjurations
 46443 | D:14     | Bought a book of Beasts for 935 gold pieces
 46450 | D:14     | Learned a level 5 spell: Summon Mana Viper
 46701 | Depths:1 | Reached skill level 16 in Spellcasting
 47009 | Depths:1 | Found a one-way gate to the infinite horrors of the Abyss.
 47151 | Depths:1 | HP: 21/163 [cyan very ugly thing (26)]
 47272 | Depths:1 | Reached skill level 13 in Summonings
 47646 | Depths:2 | Noticed Sojobo
 47656 | Depths:1 | Killed Sojobo
 47945 | Depths:2 | Noticed an ancient lich
 47946 | Depths:2 | Noticed an ancient lich
 47946 | Depths:2 | Found a gateway to a ziggurat.
 48618 | Depths:2 | Reached XP level 23. HP: 170/170 MP: 27/43
 48842 | Depths:2 | Reached skill level 18 in Fighting
 49406 | Depths:2 | Found Tiechaxaho's Jewellery Shop.
 49406 | Depths:2 | Found Loerch's Gadget Emporium.
 49407 | Depths:2 | Found Gepsith's Gadget Emporium.
 50117 | Depths:2 | Got a faintly glowing robe
 50118 | Depths:2 | Identified the +0 robe of the Centipede {Dex+2} (You found it on level 2 of the Depths)
 50470 | Depths:3 | Noticed Saint Roka
 50756 | Depths:2 | Killed Saint Roka
 50756 | Depths:2 | Reached skill level 14 in Conjurations
 50932 | Depths:3 | Found a one-way gate leading to the halls of Pandemonium.
 51453 | Depths:3 | Reached skill level 13 in Dodging
 51535 | Depths:3 | Reached skill level 14 in Summonings
 52914 | Depths:3 | Reached XP level 24. HP: 178/178 MP: 32/43
 53489 | Depths:4 | Noticed Frederick
 53505 | Depths:4 | Killed Frederick
 54265 | Depths:4 | Reached skill level 17 in Spellcasting
 54920 | Depths:4 | Noticed Jory
 54929 | Depths:4 | Killed Jory
 55045 | Depths:4 | Found an ancient bone altar of Kikubaaqudgha.
 55161 | Depths:4 | Identified the Tome of Freezing Combat Magic
 55164 | Depths:4 | Identified the Incunabulum of Poisoning and Attacks
 55173 | Depths:4 | Learned a level 6 spell: Freezing Cloud
 55242 | Depths:5 | Entered Level 5 of the Depths
 55258 | Depths:5 | Reached skill level 1 in Air Magic
 55443 | Depths:5 | Reached skill level 1 in Ice Magic
 55668 | Depths:5 | Reached skill level 2 in Air Magic
 56045 | Depths:5 | Reached skill level 2 in Ice Magic
 56131 | Depths:5 | Reached skill level 15 in Conjurations
 56271 | Depths:5 | Found a gate to the Realm of Zot.
 56354 | Depths:5 | Reached skill level 14 in Dodging
 56569 | Depths:5 | Reached skill level 3 in Air Magic
 56629 | Depths:5 | Noticed Louise
 56644 | Depths:5 | Killed Louise
 56724 | Depths:5 | Got a pair of smoking boots
 56735 | Depths:5 | Identified the +0 pair of boots of the Disturbing Lies {+Inv rF- Regen+ Str+8} (You found it on level 5 of the Depths)
 56743 | Depths:5 | Reached skill level 19 in Fighting
 56783 | Depths:5 | Reached skill level 3 in Ice Magic
 56882 | Depths:5 | Reached XP level 25. HP: 185/185 MP: 40/44
 57433 | Elf:1    | Entered Level 1 of the Elven Halls
 58042 | Elf:1    | Reached skill level 4 in Air Magic
 58053 | Elf:1    | Got an ichor-stained robe
 58054 | Elf:1    | Identified the +2 robe of Cheibriados's Fury {Int+6} (You found it on level 1 of the Elven Halls)
 58521 | Elf:1    | Reached skill level 4 in Ice Magic
 59309 | Elf:2    | Found a runed gate.
 59309 | Elf:2    | Found a runed gate.
 59309 | Elf:2    | Found a runed gate.
 59831 | Elf:2    | Reached skill level 15 in Summonings
 59853 | Elf:2    | Reached skill level 5 in Air Magic
 60063 | Elf:3    | Entered Level 3 of the Elven Halls
 60101 | Elf:3    | Found a radiant altar of Vehumet.
 60535 | Elf:3    | Reached skill level 5 in Ice Magic
 60719 | Elf:3    | Found Juog's Armour Shoppe.
 61649 | Elf:3    | Reached skill level 6 in Air Magic
 61660 | Elf:3    | Reached XP level 26. HP: 173/193 MP: 20/44
 61750 | Elf:3    | Got a shimmering graven amulet
 61765 | Elf:3    | Identified the amulet "Cauru" {Harm *Drain rPois Dex+4 Stlth+} (You took it off a deep elf death mage on level 3 of the Elven Halls)
 62468 | Elf:3    | Reached skill level 6 in Ice Magic
 62516 | Elf:3    | Got a jewelled ring mail
 62534 | Elf:3    | Learned a level 6 spell: Bolt of Cold
 62590 | Elf:3    | Identified Poogool's Arcane Arts in Simple Steps
 62595 | Elf:3    | Learned a level 2 spell: Swiftness
 62637 | Elf:3    | Identified the Disquisition on Dislocation and the Volcanoes
 62856 | Elf:3    | Identified the +3 ring mail of Midwinter {*Corrode MR- Str+9 SInv} (You found it on level 3 of the Elven Halls)
 63365 | Vaults:4 | Bought a heavily runed scale mail for 234 gold pieces
 63375 | Vaults:4 | Identified the +2 scale mail of the Snake Pit {rPois rN+} (You bought it in a shop on level 4 of the Vaults)
 63572 | D:14     | Bought a scroll of magic mapping for 49 gold pieces
 63572 | D:14     | Bought a scroll of enchant armour for 105 gold pieces
 63610 | D:14     | Bought a scroll of enchant armour for 120 gold pieces
 63610 | D:14     | Bought a scroll of teleportation for 48 gold pieces
 63610 | D:14     | Bought a scroll of identify for 32 gold pieces
 63610 | D:14     | Bought a scroll of magic mapping for 56 gold pieces
 63610 | D:14     | Bought a scroll of identify for 32 gold pieces
 63721 | Depths:1 | Bought a scroll of enchant armour for 142 gold pieces
 63721 | Depths:1 | Bought a scroll of identify for 38 gold pieces
 63721 | Depths:1 | Bought a scroll of identify for 38 gold pieces
 64049 | Vaults:5 | Entered Level 5 of the Vaults
 64133 | Vaults:4 | Reached skill level 15 in Dodging
 64276 | Vaults:4 | Reached skill level 5 in Armour
 64642 | Vaults:5 | Reached skill level 6 in Armour
 65445 | Vaults:5 | Reached skill level 20 in Fighting
 65858 | Vaults:4 | Reached skill level 7 in Armour
 66654 | Vaults:5 | Reached skill level 8 in Armour
 66757 | Vaults:5 | Reached XP level 27. HP: 188/201 MP: 36/44
 66994 | Vaults:5 | Reached skill level 16 in Dodging
 67748 | Vaults:4 | Reached skill level 9 in Armour
 67957 | Vaults:5 | idiot
 68226 | Vaults:5 | Got a scorched leather armour
 68226 | Vaults:5 | Got a clouded copper ring
 68230 | Vaults:5 | Identified the ring of Finality {+Fly rF+ Stlth+} (You took it off a deep elf mage on level 5 of the Vaults)
 68231 | Vaults:5 | Identified the +2 leather armour of the Volcano {+Inv Regen+ Str-3 Dex+5} (You took it off a deep elf mage on level 5 of the Vaults)
 68825 | Vaults:5 | Found Louteaf's Antique Armour Shop.
 68834 | Vaults:5 | Bought a pair of glowing gloves for 420 gold pieces
 68919 | Vaults:5 | Found Tymuv's Gadget Shop.
 68964 | Vaults:5 | Got a silver rune of Zot
 69532 | Zot:1    | Entered Level 1 of the Realm of Zot
 69547 | Zot:1    | Reached skill level 10 in Armour
 69979 | Zot:1    | Reached skill level 21 in Fighting
 70272 | Zot:1    | Reached skill level 16 in Conjurations
 70704 | Zot:1    | Reached skill level 18 in Spellcasting
 70735 | Zot:1    | Reached skill level 17 in Dodging
 71043 | Zot:1    | HP: 43/205 [death cob (17)]
 71047 | Zot:1    | HP: 18/205 [purple draconian annihilator/crystal spear (25)]
 71048 | Zot:1    | HP: 6/205 [death cob (21)]
 71049 | Zot:1    | Slain by a purple draconian annihilator

Vault maps used:
D:1:      nagdon_arrival_zigzag_paths, minmay_unequal
D:2:      gammafunk_temple_overflow_elements,
          chequers_ecumenical_altar_simple_redux, uniq_natasha
D:3:      lemuel_round_altar, kennysheep_slug_shrine, first_bread
D:4:      minmay_misc_feat_rows, uniq_sigmund
D:5:      nicolae_dithmenos_the_darkroom, overflow_temple_1_default,
          grunt_ministairs_9, kennysheep_path_1, serial_bayou_pond_e
D:6:      kennysheep_mini_moat, trog_ov_bears_minmay
D:7:      nicolae_overflow_hidden_temple, minmay_mini_ossuary, uniq_menkaure
D:8:      basic_altar, special_room, uniq_erica
D:9:      cheibrodos_ashenzari_chains, lemuel_mausoleum_altar_kikubaaqudgha
D:10:     due_lair_maze_entry_diamond, basic_altar, uniq_erolcha, uniq_josephine
D:11:     kennysheep_orc_monster_closet_entryway, uniq_snorg, uniq_sonja
D:12:     enter_bailey_7, hangedman_fish_farm, serial_bayou_lagoon_a,
          minmay_lindwurm_lava
D:13:     lightli_vaults_fourway_checkpoint, serial_shops, bzr_in_the_mist,
          patterned_corridor, uniq_kirke
D:14:     serial_shops, shop, shop, shop, nicolae_shop_behind_doors, shop,
          elyvilon_altar_4
D:15:     grunt_enter_depths_snipers, hangedman_decor_growths
Lair:1:   uniq_gastronok
Lair:2:   swamp_mist, serial_bayou_pond_c, grunt_megastairs_4
Lair:3:   serial_bayou_pond_c, lemuel_fruit_fields, grunt_megastairs_3,
          uniq_prince_ribbit2
Lair:4:   statuecave_lemuel, spider_nest_entry_rubble, serial_bayou_shore_a,
          grunt_megastairs_2
Lair:5:   beast_lair_carwin_10
Lair:6:   gammafunk_lair_ancient_temple, slime_altar_1, basic_altar, uniq_nessos
Swamp:1:  evilmike_swamp_ruin_rubble_1
Swamp:2:  portal_ice_cave_entry_ugly_swarm, serial_swamp_ruin,
          evilmike_swamp_ruin_rubble_2, evilmike_swamp_ruin_house_6,
          infiniplex_staircase_pool_2, uniq_roxanne
Swamp:3:  hangedman_swamp_ruin_hall
Swamp:4:  swamp_old_school, nicolae_swamp_alligator_family
Spider:1: minivault_29
Spider:2: nicolae_spider_cling_ruins
Spider:4: grunt_spider_rune_island
Orc:1:    basic_altar, lightli_volcano_entry_magma_tube
Orc:2:    grunt_orc_community_town_hall, grunt_orc_community_big_house_2,
          grunt_orc_community_big_house_1, grunt_orc_community_house_2,
          grunt_orc_community_house_2, grunt_orc_community_house_2,
          grunt_orc_community_house_1, special_room
Elf:1:    elf_arrival_001, kennysheep_underground_church, st_stairs_4,
          nicolae_elf_v_pinch, elves_outpost_lemuel
Elf:3:    minmay_elf_hall_hex, serial_shops, shop, basic_altar
Vaults:1: nicolae_vaults_sealed_display, nicolae_vaults_big_angled_halls,
          st_squares, nicolae_vaults_mini_display_case, v_misc_1, v_misc_5,
          v_pattern_5, vaults_dpeg_encased_lava, vaults_room_door_ring,
          v_misc_28, vaults_room_octagon, vaults_room_octagon,
          vaults_dpeg_spiral, vaults_room_semicircle, v_misc_13, uniq_aizul
Vaults:2: ontoclasm_vaults_idyll, stair_cage_open, ontoclasm_vaults_idyll,
          nicolae_vaults_windows_and_doors_thing, v_alt_pattern_6, v_misc_10,
          vaults_room_corners, dpeg_vaults_monster_row,
          nicolae_vaults_circle_grid_a, vaults_room_stairs_pillars,
          serial_shops, nicolae_shop_trees
Vaults:3: minmay_crypt_entry_skeletal_spiral, vaults_dpeg_diagonal,
          nicolae_vaults_little_squares_4, ontoclasm_vaults_ligature,
          ontoclasm_vaults_gateway, grunt_vaults_swirl,
          nicolae_vaults_little_ls, st_spiral_rooms,
          vaults_room_grunt_arrival_ludios, nicolae_vaults_network_quinsquares,
          ontoclasm_vaults_spin, ontoclasm_vaults_claustrophobia,
          vaults_room_pool, nicolae_vaults_little_squares_5,
          nicolae_vaults_rhombus_6, vaults_room_fours
Vaults:4: v_rooms_2, ontoclasm_vaults_ring_small, ontoclasm_vaults_tryst,
          v_misc_10, vaults_room_stairs_pillars, vaults_room_corners,
          ontoclasm_vaults_misaligned, v_misc_13,
          nicolae_vaults_diagonal_hallway_8, serial_shops, nicolae_shop_trees,
          nicolae_shop_waterfront
Vaults:5: serial_shops
Depths:1: abyss_entry, glass_columns_a, hell_entry, hangedman_decor_peaks_small,
          lemuel_flamethrower_3, minmay_shoptagon, serial_bayou_shore_b
Depths:2: lemuel_castle_with_subvaults, enter_ziggurat_d,
          serial_sigils_hangedman_leer, hell_entry, minmay_shop_grove,
          minmay_staircase_bubble, uniq_sojobo
Depths:3: evilmike_cross, minmay_misc_feat_cross, pan_entry, abyss_entry,
          hell_entry, serial_co_window_serial, co_window_corner_a,
          co_window_corner_a, co_window_paths_b, co_window_paths_a,
          co_window_paths_a, co_window_broadway_a, co_window_corner_ca,
          co_window_broadway_b, co_window_unsneaky_path_d,
          co_window_unsneaky_path_b, co_window_2corner,
          co_window_of_opportunity_c, glass_columns_a, glass_columns_b,
          grunt_ministairs_1, uniq_saint_roka
Depths:4: lemuel_vampire_tower, abyss_entry_crystal, roderic_lattice_a,
          grunt_hell_horde, serial_bayou_shore_b, infiniplex_staircase_pool_1,
          uniq_frederick
Depths:5: evilmike_zot_entry_round, hangedman_geh_valley,
          nicolae_abyss_entry_one_way_or_another, kennysheep_random_hallway
Zot:1:    st_stairs_7, grunt_ministairs_12, zot_minivault_8
Bazaar:   bazaar_minmay_generic_d
Bailey:   bailey_polearm_1, bailey
IceCv:    ice_cave_caverns_02

Skill      XL: |  1  2  3  4  5  6  7  8  9 10 11 12 13 14 15 16 17 18 19 20 21 22 23 24 25 26 27 |
---------------+----------------------------------------------------------------------------------+-----
Dodging        | 2 3 4 5 6 7 8 9 11 12 13 14 15 17 | 17.1
Fighting       | 3 4 5 6 8 9 10 11 12 13 14 15 16 17 18 19 20 21 | 21.2
Maces & Flails | 3 4 |  4.9
Charms         | 4 5 6 7 8 9 |  9.0
Spellcasting   | 3 4 6 7 8 9 10 11 12 13 14 15 16 17 18 | 18.1
Invocations    | 1 2 4 6 8 9 |  9.2
Armour         | 2 3 4 8 10 | 10.1
Short Blades   | 2 4 5 6 8 10 11 12 | 12.3
Evocations     | 1 3 4 |  4.2
Shields        | 4 |  4.5
Stealth        | 1 6 |  6.1
Conjurations   | 5 7 9 11 12 13 14 15 16 | 16.3
Summonings     | 4 7 9 10 12 13 14 15 | 15.9
Air Magic      | 3 6 |  6.3
Ice Magic      | 3 5 6 |  6.0

Action                   |  1- 3 |  4- 6 |  7- 9 | 10-12 | 13-15 | 16-18 | 19-21 | 22-24 | 25-27 || total
-------------------------+-------+-------+-------+-------+-------+-------+-------+-------+-------++-------
Melee: Mace              |   112 |   129 |       |       |       |       |       |       |       ||   241
       Flail             |       |    31 |    91 |       |       |       |       |       |       ||   122
       Dagger            |       |       |   111 |   641 |       |       |       |       |       ||   752
       Short sword       |       |       |       |    22 |   905 |  1550 |  1255 |  1139 |   942 ||  5813
Throw: Throwing net      |       |       |       |       |       |     2 |       |       |       ||     2
 Cast: Infusion          |    14 |    17 |    24 |    50 |    44 |    39 |     8 |    26 |     2 ||   224
       Repel Missiles    |       |     3 |       |       |     3 |       |     6 |     8 |     7 ||    27
       Shroud of Golubri |       |     1 |     9 |    20 |    30 |    45 |    31 |    50 |    22 ||   208
       Song of Slaying   |       |       |     3 |     4 |       |       |       |       |       ||     7
       Regeneration      |       |       |     1 |     2 |    17 |    72 |    63 |   100 |    41 ||   296
       Spectral Weapon   |       |       |       |     3 |    47 |    74 |    45 |    42 |     5 ||   216
       Blink             |       |       |       |       |     2 |     1 |     3 |     3 |     2 ||    11
       Mephitic Cloud    |       |       |       |       |    27 |    37 |    62 |    74 |    14 ||   214
       Sticky Flame      |       |       |       |       |       |       |    58 |    62 |    12 ||   132
       Summon Mana Viper |       |       |       |       |       |       |       |    57 |    38 ||    95
       Spellforged Servi |       |       |       |       |       |       |       |    31 |    32 ||    63
       Apportation       |       |       |       |       |       |       |       |     1 |       ||     1
       Orb of Destructio |       |       |       |       |       |       |       |    26 |    74 ||   100
       Freezing Cloud    |       |       |       |       |       |       |       |     1 |    60 ||    61
       Tukima's Dance    |       |       |       |       |       |       |       |     1 |       ||     1
       Bolt of Cold      |       |       |       |       |       |       |       |       |     3 ||     3
       Swiftness         |       |       |       |       |       |       |       |       |     1 ||     1
Invok: Ancestor Life: Ba |       |     1 |       |       |       |       |       |       |       ||     1
       Recall Ancestor   |       |       |     3 |     3 |     7 |     8 |     6 |     6 |     4 ||    37
       Idealise          |       |       |       |     2 |       |       |       |       |     4 ||     6
 Abil: Evoke Flight      |       |       |       |       |     4 |     2 |       |     1 |       ||     7
       Evoke Invisibilit |       |       |       |       |     1 |       |       |    11 |     2 ||    14
Evoke: Wand              |       |       |       |       |       |     2 |     1 |     1 |     1 ||     5
       Phantom mirror    |       |       |       |       |       |       |     1 |       |       ||     1
       Sack of spiders   |       |       |       |       |       |       |       |       |     2 ||     2
  Use: Potion            |     1 |       |       |     2 |     3 |     9 |       |     1 |    20 ||    36
       Scroll            |       |     1 |     8 |    17 |    13 |    16 |    13 |    18 |    18 ||   104
 Stab: Distracted        |       |     1 |     1 |     2 |    11 |    30 |    31 |    29 |    25 ||   130
       Confused          |       |       |       |       |     7 |    17 |    25 |    14 |     1 ||    64
       Invisible         |       |       |       |       |     4 |       |       |    12 |     1 ||    17
       Sleeping          |       |       |       |       |       |     8 |    11 |     8 |     5 ||    32
  Eat: Chunk             |     3 |     8 |     5 |    19 |    17 |     8 |    21 |    25 |    23 ||   129
       Bread ration      |       |       |     1 |     1 |     2 |     5 |     2 |     6 |     4 ||    21
       Beef jerky        |       |       |     1 |       |     1 |     1 |       |     1 |     3 ||     7
       Fruit             |       |       |       |       |     4 |     3 |     3 |     5 |       ||    15
       Pizza             |       |       |       |       |     1 |       |       |       |     3 ||     4
       Royal jelly       |       |       |       |       |     1 |     3 |       |       |       ||     4
       Meat ration       |       |       |       |       |       |       |       |     2 |     4 ||     6
Armor: Leather armour    |    50 |    66 |    27 |   139 |   191 |   280 |   121 |   155 |   155 ||  1184
       Ring mail         |       |       |    26 |       |       |       |       |       |       ||    26
       Skin              |       |       |       |       |       |    10 |       |       |       ||    10
Dodge: Dodged            |   104 |   130 |   107 |   305 |   567 |   760 |   453 |   551 |   501 ||  3478
       Deflected         |       |     2 |     1 |     1 |     9 |     8 |    33 |    40 |    35 ||   129
Block: Buckler           |       |       |       |       |    69 |   586 |   433 |   581 |   418 ||  2087
       Other             |       |       |       |       |     9 |       |       |       |       ||     9
       Reflection        |       |       |       |       |     1 |     4 |    37 |    57 |    44 ||   143

Vault maps used:
D:1:      nagdon_arrival_zigzag_paths, minmay_unequal
D:2:      gammafunk_temple_overflow_elements,
          chequers_ecumenical_altar_simple_redux, uniq_natasha
D:3:      lemuel_round_altar, kennysheep_slug_shrine, first_bread
D:4:      minmay_misc_feat_rows, uniq_sigmund
D:5:      nicolae_dithmenos_the_darkroom, overflow_temple_1_default,
          grunt_ministairs_9, kennysheep_path_1, serial_bayou_pond_e
D:6:      kennysheep_mini_moat, trog_ov_bears_minmay
D:7:      nicolae_overflow_hidden_temple, minmay_mini_ossuary, uniq_menkaure
D:8:      basic_altar, special_room, uniq_erica
D:9:      cheibrodos_ashenzari_chains, lemuel_mausoleum_altar_kikubaaqudgha
D:10:     due_lair_maze_entry_diamond, basic_altar, uniq_erolcha, uniq_josephine
D:11:     kennysheep_orc_monster_closet_entryway, uniq_snorg, uniq_sonja
D:12:     enter_bailey_7, hangedman_fish_farm, serial_bayou_lagoon_a,
          minmay_lindwurm_lava
D:13:     lightli_vaults_fourway_checkpoint, serial_shops, bzr_in_the_mist,
          patterned_corridor, uniq_kirke
D:14:     serial_shops, shop, shop, shop, nicolae_shop_behind_doors, shop,
          elyvilon_altar_4
D:15:     grunt_enter_depths_snipers, hangedman_decor_growths
Lair:1:   uniq_gastronok
Lair:2:   swamp_mist, serial_bayou_pond_c, grunt_megastairs_4
Lair:3:   serial_bayou_pond_c, lemuel_fruit_fields, grunt_megastairs_3,
          uniq_prince_ribbit2
Lair:4:   statuecave_lemuel, spider_nest_entry_rubble, serial_bayou_shore_a,
          grunt_megastairs_2
Lair:5:   beast_lair_carwin_10
Lair:6:   gammafunk_lair_ancient_temple, slime_altar_1, basic_altar, uniq_nessos
Swamp:1:  evilmike_swamp_ruin_rubble_1
Swamp:2:  portal_ice_cave_entry_ugly_swarm, serial_swamp_ruin,
          evilmike_swamp_ruin_rubble_2, evilmike_swamp_ruin_house_6,
          infiniplex_staircase_pool_2, uniq_roxanne
Swamp:3:  hangedman_swamp_ruin_hall
Swamp:4:  swamp_old_school, nicolae_swamp_alligator_family
Spider:1: minivault_29
Spider:2: nicolae_spider_cling_ruins
Spider:4: grunt_spider_rune_island
Orc:1:    basic_altar, lightli_volcano_entry_magma_tube
Orc:2:    grunt_orc_community_town_hall, grunt_orc_community_big_house_2,
          grunt_orc_community_big_house_1, grunt_orc_community_house_2,
          grunt_orc_community_house_2, grunt_orc_community_house_2,
          grunt_orc_community_house_1, special_room
Elf:1:    elf_arrival_001, kennysheep_underground_church, st_stairs_4,
          nicolae_elf_v_pinch, elves_outpost_lemuel
Elf:3:    minmay_elf_hall_hex, serial_shops, shop, basic_altar
Vaults:1: nicolae_vaults_sealed_display, nicolae_vaults_big_angled_halls,
          st_squares, nicolae_vaults_mini_display_case, v_misc_1, v_misc_5,
          v_pattern_5, vaults_dpeg_encased_lava, vaults_room_door_ring,
          v_misc_28, vaults_room_octagon, vaults_room_octagon,
          vaults_dpeg_spiral, vaults_room_semicircle, v_misc_13, uniq_aizul
Vaults:2: ontoclasm_vaults_idyll, stair_cage_open, ontoclasm_vaults_idyll,
          nicolae_vaults_windows_and_doors_thing, v_alt_pattern_6, v_misc_10,
          vaults_room_corners, dpeg_vaults_monster_row,
          nicolae_vaults_circle_grid_a, vaults_room_stairs_pillars,
          serial_shops, nicolae_shop_trees
Vaults:3: minmay_crypt_entry_skeletal_spiral, vaults_dpeg_diagonal,
          nicolae_vaults_little_squares_4, ontoclasm_vaults_ligature,
          ontoclasm_vaults_gateway, grunt_vaults_swirl,
          nicolae_vaults_little_ls, st_spiral_rooms,
          vaults_room_grunt_arrival_ludios, nicolae_vaults_network_quinsquares,
          ontoclasm_vaults_spin, ontoclasm_vaults_claustrophobia,
          vaults_room_pool, nicolae_vaults_little_squares_5,
          nicolae_vaults_rhombus_6, vaults_room_fours
Vaults:4: v_rooms_2, ontoclasm_vaults_ring_small, ontoclasm_vaults_tryst,
          v_misc_10, vaults_room_stairs_pillars, vaults_room_corners,
          ontoclasm_vaults_misaligned, v_misc_13,
          nicolae_vaults_diagonal_hallway_8, serial_shops, nicolae_shop_trees,
          nicolae_shop_waterfront
Vaults:5: serial_shops
Depths:1: abyss_entry, glass_columns_a, hell_entry, hangedman_decor_peaks_small,
          lemuel_flamethrower_3, minmay_shoptagon, serial_bayou_shore_b
Depths:2: lemuel_castle_with_subvaults, enter_ziggurat_d,
          serial_sigils_hangedman_leer, hell_entry, minmay_shop_grove,
          minmay_staircase_bubble, uniq_sojobo
Depths:3: evilmike_cross, minmay_misc_feat_cross, pan_entry, abyss_entry,
          hell_entry, serial_co_window_serial, co_window_corner_a,
          co_window_corner_a, co_window_paths_b, co_window_paths_a,
          co_window_paths_a, co_window_broadway_a, co_window_corner_ca,
          co_window_broadway_b, co_window_unsneaky_path_d,
          co_window_unsneaky_path_b, co_window_2corner,
          co_window_of_opportunity_c, glass_columns_a, glass_columns_b,
          grunt_ministairs_1, uniq_saint_roka
Depths:4: lemuel_vampire_tower, abyss_entry_crystal, roderic_lattice_a,
          grunt_hell_horde, serial_bayou_shore_b, infiniplex_staircase_pool_1,
          uniq_frederick
Depths:5: evilmike_zot_entry_round, hangedman_geh_valley,
          nicolae_abyss_entry_one_way_or_another, kennysheep_random_hallway
Zot:1:    st_stairs_7, grunt_ministairs_12, zot_minivault_8
Bazaar:   bazaar_minmay_generic_d
Bailey:   bailey_polearm_1, bailey
IceCv:    ice_cave_caverns_02

Table legend:
 A = Turns spent in this place as a percentage of turns spent in the entire game.
 B = Non-inter-level travel turns spent in this place as a percentage of non-inter-level travel turns spent in the entire game.
 C = Inter-level travel turns spent in this place as a percentage of turns spent in this place.
 D = Turns resting spent in this place as a percentage of non-inter-level travel turns spent in this place.
 E = Turns spent auto-exploring this place as a percentage of non-inter-level travel turns spent in this place.
 F = Non-inter-level travel turns spent in this place divided by the number of levels of this place that you've seen.
                   A       B       C       D       E      F
               +-------+-------+-------+-------+-------+----------------------
         Total | 100.0 | 100.0 |   0.5 |   4.9 |   5.4 | 509.6
       Dungeon |  22.1 |  22.0 |   0.9 |   4.1 |   7.2 | 359.3
          Lair |   9.0 |   8.9 |   0.8 |   6.7 |   6.4 | 364.7
         Swamp |   6.7 |   6.7 |   0.4 |   2.1 |   6.8 | 409.2
   Spider Nest |   8.0 |   8.0 |   0.6 |   4.3 |   4.7 | 488.8
  Orcish Mines |   2.3 |   2.3 |   0.4 |   3.7 |   3.9 | 284.0
   Elven Halls |   7.8 |   7.8 |   0.5 |   6.4 |   4.6 | 639.7
        Vaults |  20.0 |  20.0 |   0.5 |   4.9 |   4.5 | 980.8
        Depths |  18.3 |  18.3 |   0.2 |   5.3 |   4.5 | 895.6
           Zot |   2.5 |   2.5 |   0.0 |   5.5 |   3.6 | 619.0
        Bazaar |   0.3 |   0.3 |   0.0 |   0.0 |  16.4 |  67.0
        Bailey |   0.7 |   0.7 |   0.0 |   2.2 |   7.3 | 178.0
      Ice Cave |   2.3 |   2.3 |   0.0 |  10.0 |   2.9 | 559.0
               +-------+-------+-------+-------+-------+----------------------

Table legend:
 A = Kills in this place as a percentage of kills in entire the game.
 B = Kills by you in this place as a percentage of kills by you in the entire game.
 C = Kills by friends in this place as a percentage of kills by friends in the entire game.
 D = Other kills in this place as a percentage of other kills in the entire game.
 E = Experience gained in this place as a percentage of experience gained in the entire game.
 F = Experience gained in this place divided by the number of levels of this place that you have seen.
                   A       B       C       D       E      F
               +-------+-------+-------+-------+-------+----------------------
         Total | 100.0 | 100.0 | 100.0 | 100.0 | 100.0 | 25386.7
       Dungeon |  22.5 |  26.9 |  16.6 |  16.2 |   6.9 | 5612.5
          Lair |   7.2 |   8.8 |   5.3 |   0.0 |   4.6 | 9311.8
         Swamp |   8.4 |   8.9 |   8.0 |   4.4 |   7.2 | 22085.0
   Spider Nest |   8.1 |   9.5 |   6.2 |   5.9 |   5.8 | 17538.5
  Orcish Mines |   4.1 |   4.3 |   3.1 |  13.2 |   0.9 | 5624.5
   Elven Halls |   7.1 |   6.8 |   7.6 |   4.4 |  11.4 | 46142.7
        Vaults |  21.7 |  19.4 |  24.4 |  29.4 |  32.1 | 78155.0
        Depths |  15.7 |  10.3 |  23.0 |  25.0 |  23.1 | 56362.4
           Zot |   2.1 |   1.4 |   3.2 |   0.0 |   7.1 | 86867.0
        Bailey |   0.7 |   0.4 |   1.1 |   1.5 |   0.1 | 1078.0
      Ice Cave |   2.4 |   3.2 |   1.4 |   0.0 |   0.8 | 9799.0
               +-------+-------+-------+-------+-------+----------------------
